 Dungeon Crawl Stone Soup version bcrawl-1.19.1 (webtiles) character file.

Game seed: 6746863679448635413

1711 Revguard the Stinger (level 8, -4/60 HPs)
             Began as a White Draconian Venom Mage on Nov 27, 2019.
             Was a Follower of Sif Muna.
             Slain by a wyvern zombie (11 damage)
             ... on level 6 of the Dungeon.
             The game lasted 00:22:42 (5692 turns).

Revguard the Stinger (White Draconian Venom Mage)   Turns: 5692, Time: 00:22:43

Health: -4/60      AC:  6    Str: 10    XL:     8   Next: 74%
Magic:  4/14       EV: 13    Int: 16    God:    Sif Muna [*.....]
Gold:   427        SH:  0    Dex: 16    Spells: 2/15 levels left

rFire    . . .     SeeInvis .   x - +7 mace "Rofam" {crush, +Rage rElec rF- rN+ Dex+2}
rCold    . . .     Gourm    .   (no shield)
rNeg     + . .     Faith    .   (armour unavailable)
rPois    .         Spirit   .   (helmet restricted)
rElec    +         Reflect  .   (no cloak)
rCorr    .         Harm     .   (no gloves)
MR       .....                  (no boots)
Stlth    ++........             (no amulet)
HPRegen  0.20/turn              v - ring of fire
MPRegen  0.14/turn              (no ring)

@: very slightly contaminated, divine energy
A: breathe frost, unfitting armour, cold resistance 1, cold-blooded, AC +6
a: Breathe Frost, Stop Divine Energy, Renounce Religion, Evoke Berserk Rage


You were on level 6 of the Dungeon.
You worshipped Sif Muna.
Sif Muna was aware of your devotion.
You were not hungry.

You visited 2 branches of the dungeon, and saw 7 of its levels.

You collected 427 gold pieces.

Inventory:

Hand Weapons
 j - a +0 mace
 k - the +7 battleaxe of the Little People {holy, *Drain rElec Int+4 SInv, unknown}
   (You found it on level 5 of the Dungeon)

   It has been blessed by the Shining One to cause great damage to the undead
   and demons.
   It affects your intelligence (+4).
   It insulates you from electricity.
   It lets you see invisible.
   It causes draining when unequipped.
 x - the +7 mace "Rofam" (weapon) {crush, +Rage rElec rF- rN+ Dex+2}
   (You found it on level 5 of the Dungeon)

   It inflicts extra damage upon your enemies.
   It affects your dexterity (+2).
   It makes you vulnerable to fire.
   It insulates you from electricity.
   It protects you from negative energy.
   It lets you go berserk.
Missiles
 e - 212 poisoned needles
Jewellery
 v - a ring of fire (left hand)
Scrolls
 c - 3 scrolls of identify
 l - a scroll of enchant armour
 o - 4 scrolls of teleportation
 q - 2 scrolls of remove curse
 s - 4 scrolls of blinking
Potions
 a - 4 potions of lignification
 f - a potion of magic
 i - 2 potions of might
 m - a potion of ambrosia
 p - a potion of cancellation
 u - 2 potions of agility
 w - 3 potions of brilliance
Comestibles
 d - 8 rations {!d}


   Skills:
 + Level 1.7 Fighting
 + Level 3.1 Maces & Flails
 + Level 2.8 Dodging
 + Level 2.8 Stealth
 + Level 4.4 Spellcasting
 * Level 4.7 Conjurations
 * Level 2.9 Transmutations
 + Level 2.0 Fire Magic
 * Level 4.4 Air Magic
 + Level 4.8 Poison Magic


You had 2 spell levels left.
You knew the following spells:

 Your Spells              Type           Power        Failure   Level  Hunger
a - Sting                 Conj/Pois      ###.         2%          1    None
b - Poisonous Vapours     Pois/Air       ###...       3%          2    ##.....
c - Ignite Poison         Fire/Tmut/Pois ###.....     12%         3    ###....
d - Olgreb's Toxic Radia  Pois           ###.....     22%         4    ####...
e - Mephitic Cloud        Conj/Pois/Air  ###.....     7%          3    ###....

Your spell library contained the following spells:

 Spells                   Type           Power        Failure   Level  Hunger
 Swiftness                Chrm/Air       ##......     10%         2    ##.....
 Dazzling Spray           Conj/Hex       ##....       19%         3    ###....
 Call Canine Familiar     Summ           #.......     43%         3    ###....
 Confuse                  Hex            #.......     43%         3    ###....
 False Image              Hex/Summ       #.......     43%         3    ###....
 Summon Scorpions         Summ/Pois      ##......     52%         4    ####...
 Venom Bolt               Conj/Pois      ###.......   52%         5    ######.
 Petrify                  Tmut/Erth      #.......     65%         4    ####...
 Yara's Violent Unravell  Hex/Tmut       #.........   65%         4    ####...
 Conjure Ball Lightning   Conj/Air       ###.......   98%         6    #######
 Metabolic Englaciation   Hex/Ice        #.........   99%         5    ######.
 Mana Rupture             Conj/Hex       ##........   100%        7    #######
 Summon Greater Demon     Summ           #.........   100%        7    #######
 Summon Horrible Things   Summ           #.........   100%        8    #######


Dungeon Overview and Level Annotations

Branches:
Dungeon (6/12)             Temple (1/1) D:4

Altars:
Ashenzari
Dithmenos
Fedhas
Gozag
Hepliaklqana
Kikubaaqudgha
Lugonu
Makhleb
Nemelex Xobeh
Okawaru
Qazlal
Ru
Sif Muna
Trog
Uskayaw
Vehumet
Xom
Yredelemnul
Zin
The Shining One


Innate Abilities, Weirdness & Mutations

You can breathe waves of freezing cold.
You can buffet flying creatures when you breathe cold.
Your icy white scales are hard. (AC +6)
You cannot fit into any form of body armour.
Your flesh is cold resistant. (rC+)
You are cold-blooded and may be slowed by cold attacks.


Message History

Press: ? - help, Shift-Dir - straight line The ball explodes into a vile cloud!
The stinking cloud engulfs the wyvern zombie.
The wyvern zombie appears unharmed.
Casting: Mephitic Cloud (safe; 7% risk of failure)
Confirm with . or Enter, or press ? or * to list all spells.
You feel a surge of power!
You miscast Ignite Poison.
Nothing appears to happen.
You hit the wyvern zombie.
The wyvern zombie is lightly damaged.
The wyvern zombie bites you!
* * * LOW HITPOINT WARNING * * *
The wyvern zombie barely misses you.
You thump the wyvern zombie!
The wyvern zombie is heavily damaged.
The wyvern zombie barely misses you.
You sock the wyvern zombie!
The wyvern zombie is severely damaged.
The wyvern zombie bites you!
You die...

#).##.......^....
#...##....#....#.
#<..##....#.####
#..)....#.#
###....)..##♣♣♣♣♣
##.))...#...♣.♣
####....#....).♣
#.........Z.).♣♣
#..)).....#@.♣♣
#.........##♣♣
#.........#
##.........#
...........##
##..........#
#..........#
#...[.........
#....##.....!##


You could see a wyvern zombie.

Vanquished Creatures
  Sigmund (D:6)
  Eustachio (D:5)
  A hungry ghost (D:6)
  Menkaure (D:6)
  An orc warrior (D:6)
  A phantom (D:6)
  3 ogres
  A howler monkey (D:5)
  5 crimson imps
  4 hounds
  3 orc wizards
  2 orc priests
  An iguana (D:4)
  3 worker ants (D:4)
  A hound zombie (D:5)
  A hound skeleton (D:4)
  A howler monkey skeleton (D:4)
  4 adders
  2 adder zombies
  2 worms (D:4)
  A dart slug (D:2)
  4 leopard geckos
  15 orcs
  A bat (D:1)
  A bat zombie (D:1)
  2 giant cockroaches
  3 goblins
  4 hobgoblins
  2 jackals (D:3)
  A quokka (D:4)
  A ball python (D:2)
  2 frilled lizards
  5 kobolds
  A quokka skeleton (D:6)
  A quokka zombie (D:1)
  3 rats
86 creatures vanquished.

Notes
Turn   | Place    | Note
-------+----------+-------------------------------------------
     0 | D:1      | Revguard the Draconian Venom Mage began the quest for the
                  | Orb.
     0 | D:1      | Reached XP level 1. HP: 14/14 MP: 3/3
   306 | D:1      | Reached XP level 2. HP: 22/22 MP: 3/5
   425 | D:1      | Learned a level 2 spell: Poisonous Vapours
  1325 | D:2      | Reached XP level 3. HP: 27/27 MP: 2/6
  1335 | D:2      | Learned a level 3 spell: Ignite Poison
  1479 | D:2      | Found a sparkling altar of Nemelex Xobeh.
  1999 | D:3      | Reached skill level 1 in Air Magic
  2186 | D:3      | Reached XP level 4. HP: 20/34 MP: 1/7
  2408 | D:3      | Found a basalt altar of Yredelemnul.
  2702 | D:4      | Found a staircase to the Ecumenical Temple.
  2722 | D:4      | Reached XP level 5. HP: 16/39 MP: 0/8
  2732 | Temple   | Entered the Ecumenical Temple
  2953 | Temple   | Became a worshipper of Sif Muna the Loreminder
  3243 | D:4      | Reached XP level 6. HP: 11/46 MP: 2/10
  3311 | D:4      | Reached skill level 1 in Maces & Flails
  3317 | D:4      | Learned a level 4 spell: Olgreb's Toxic Radiance
  3602 | D:4      | Reached * piety under Sif Muna
  3602 | D:4      | Reached skill level 1 in Fighting
  3602 | D:4      | Reached skill level 1 in Fire Magic
  4349 | D:5      | Entered Level 5 of the Dungeon
  4362 | D:5      | Identified Sif Muna's Catalogue of Creative Feathers (Sif
                  | Muna gifted it to you on level 5 of the Dungeon)
  4362 | D:5      | Received a gift from Sif Muna
  4379 | D:5      | Found a glowing silver altar of Zin.
  4421 | D:5      | Noticed Eustachio
  4431 | D:5      | Killed Eustachio
  4431 | D:5      | Your scales start taking on an icy white colour.
  4431 | D:5      | Reduced skill Fire Magic to level 1
  4431 | D:5      | Reached XP level 7. HP: 47/52 MP: 0/11
  4431 | D:5      | Gained mutation: Your flesh is cold resistant. (rC+) [White
                  | Draconian growth]
  4469 | D:5      | Got a sapphire mace
  4470 | D:5      | Identified the +7 mace "Rofam" {crush, +Rage rElec rF- rN+
                  | Dex+2} (You found it on level 5 of the Dungeon)
  4599 | D:5      | Reached skill level 1 in Transmutations
  4652 | D:5      | Got a fine battleaxe
  4679 | D:5      | Learned a level 3 spell: Mephitic Cloud
  5309 | D:5      | Reached XP level 8. HP: 59/59 MP: 5/13
  5420 | D:6      | Noticed Sigmund
  5426 | D:6      | Killed Sigmund
  5628 | D:6      | Noticed Menkaure
  5635 | D:6      | HP: 3/88 [hungry ghost (2)]
  5638 | D:6      | Killed Menkaure
  5692 | D:6      | Slain by a wyvern zombie

Skill      XL: |  1  2  3  4  5  6  7  8 |
---------------+-------------------------+-----
Dodging        | 2 |  2.8
Air Magic      | 1 2 3 4 |  4.4
Conjurations   | 2 3 4 |  4.7
Maces & Flails | 2 3 |  3.1
Spellcasting   | 3 4 |  4.4
Fighting       | 1 |  1.7
Fire Magic     | 1 2 |  2.0
Poison Magic   | 4 |  4.8
Transmutations | 1 2 |  2.9
Stealth        | |  2.8

Action                   |  1- 3 |  4- 6 |  7- 9 || total
-------------------------+-------+-------+-------++-------
Melee: Unarmed           |    53 |       |       ||    53
       Tailslap          |     7 |    24 |     9 ||    40
       Mace              |    24 |   178 |    53 ||   255
 Cast: Sting             |    18 |     6 |     1 ||    25
       Poisonous Vapours |    17 |    42 |    14 ||    73
       Ignite Poison     |     1 |     8 |    12 ||    21
       Mephitic Cloud    |       |       |     9 ||     9
       Olgreb's Toxic Ra |       |       |     2 ||     2
Invok: Divine Energy     |       |     1 |       ||     1
 Abil: Breathe Frost     |       |       |     2 ||     2
  Use: Scroll            |     4 |     3 |     9 ||    16
       Potion            |     4 |     1 |     3 ||     8
 Stab: Sleeping          |     2 |       |       ||     2
  Eat: Chunk             |     6 |     9 |     7 ||    22
       Ration            |       |       |     2 ||     2
Armor: Skin              |    25 |    71 |    16 ||   112
Dodge: Dodged            |    59 |   128 |    51 ||   238
